 Dungeon Crawl Stone Soup version 0.32-a0-699-g1ee5eff69a (webtiles) character file.

Game seed: 1609988429600697648

107 hikkokomori the Trooper (level 4, -8/55 HPs)
             Began as a Coglin Berserker on Mar 14, 2024.
             Was a Believer of Trog.
             Mangled by a gnoll bouda
             ... wielding a +0 flail
              (11 damage)
             ... on level 5 of the Dungeon.
             The game lasted 00:04:05 (2119 turns).

hikkokomori the Trooper (Coglin Berserker)          Turns: 2119, Time: 00:04:06

Health: -8/55      AC:  8    Str: 20    XL:     4   Next: 86%
Magic:  4/4        EV:  7    Int:  6    God:    Trog [**....]
Gold:   139        SH:  0    Dex: 13    Spells: 3/3 levels left

rFire   . . .        g - +1 short sword (venom) {Junzo}
rCold   . . .        f - +2 short sword (speed) {Nolwazi}
rNeg    . . .        n - +0 chain mail
rPois   .            (no helmet)
rElec   .            (no cloak)
rCorr   .            (no gloves)
SInv    .            (no boots)
Will    .....        (amulet unavailable) Stlth
                     (ring unavailable)
HPRegen 0.29/turn    (ring unavailable)
MPRegen 0.09/turn    (no gizmo)

%: no passive effects
@: berserking, revving, very quick
A: off-hand wielding, slow wielding, warmup strikes, no jewellery
a: Invent Gizmo, Renounce Religion, Berserk, Trog's Hand


You were on level 5 of the Dungeon.
You worshipped Trog.
Trog was pleased with you.
You visited 1 branch of the dungeon, and saw 4 of its levels.

You collected 139 gold pieces.

Inventory:

Hand Weapons
 a - a +0 hand axe {Suphaphon}
 c - a +0 dagger {Shi}
 f - a +2 short sword of speed (offhand) {Nolwazi}
 g - a +1 short sword of venom (weapon) {Junzo}
Missiles
 l - 5 darts of dispersal (quivered)
Armour
 b - a +0 animal skin
 e - a +0 leather armour
 n - a +0 chain mail (worn)
Scrolls
 j - 2 scrolls of torment {unknown}
 k - a scroll of identify {unknown}
 m - a scroll of vulnerability {unknown}
Potions
 d - a potion of heal wounds {unknown}
 h - 2 potions of berserk rage {unknown}
 i - a potion of brilliance {unknown}


   Skills:
 + Level 4.0 Fighting
 + Level 1.7 Short Blades
 - Level 3.3 Axes
 - Level 2.2 Armour
 - Level 2.2 Dodging


You had 3 spell levels left.
You didn't know any spells.
Your spell library was empty.

Dungeon Overview and Level Annotations

Branches:
Dungeon (3/15)

Altars:
Sif Muna


Innate Abilities, Weirdness & Mutations

You can wield a second weapon in your off-hand.
It takes a long time for you to wield or remove held weapons.
Your first few attacks do less damage.
You cannot equip rings or amulets.


Message History

The gnoll is heavily wounded.
You hit the gnoll with your +1 short sword of venom.
The gnoll bouda hits you with a +0 flail!
You barely miss the gnoll with your +1 short sword of venom.
The gnoll is almost dead.
You hit the gnoll with your +2 short sword of speed.
You kill the gnoll!
Trog accepts your kill. The gnoll closely misses you.
The gnoll barely misses you.
Your Fighting skill increases to level 4!
You hit the gnoll bouda with your +2 short sword of speed.
The gnoll bouda is heavily wounded.
You barely miss the gnoll bouda with your +1 short sword of venom.
The gnoll bouda utters an invocation to its god.
The gnoll bouda is healed somewhat.
The gnoll hits you from afar with a +0 spear.
The gnoll misses you.
The gnoll bouda hits you with a +0 flail!
* * * LOW HITPOINT WARNING * * *
You hit the gnoll with your +1 short sword of venom.
The gnoll is poisoned.
The gnoll is moderately wounded.
You hit the gnoll but do no damage. The gnoll closely misses you.
You puncture the gnoll with your +1 short sword of venom!
You kill the gnoll!
Trog accepts your kill.
Your attacks no longer feel as feeble.
The gnoll is no longer moving quickly.
The gnoll bouda hits you with a +0 flail.
* * * LOW HITPOINT WARNING * * *
You puncture the gnoll with your +2 short sword of speed!
The gnoll is severely wounded.
You completely miss the gnoll with your +1 short sword of venom.
The gnoll hits you with a +0 spear.
* * * LOW HITPOINT WARNING * * *
You barely miss the gnoll with your +1 short sword of venom.
The gnoll is severely wounded.
You barely miss the gnoll with your +2 short sword of speed.
The gnoll bouda hits you with a +0 flail!
You die...

#.........#.#.
##............
##...........
#............
##.......##.
##.......#
#........#
#.....)g<#
#.....@..#
##...g.).#
##.......#
#........#
##.....###
#######


You could see a gnoll bouda (poisoned) and a gnoll.

Vanquished Creatures
  2 gnolls (D:5)
  2 adders
  A shadow imp (D:5)
  A dart slug (D:1)
  2 ribbon worms
  2 bats
  5 endoplasms
  3 giant cockroaches
  5 goblins
  7 hobgoblins
  10 kobolds
  4 quokkas (D:1)
  4 ball pythons
  3 frilled lizards
  4 rats
55 creatures vanquished.

Notes
Turn   | Place    | Note
-------+----------+-------------------------------------------
     0 | D:1      | hikkokomori the Coglin Berserker began the quest for the
                  | Orb.
     0 | D:1      | Reached XP level 1. HP: 18/18 MP: 1/1
   150 | D:1      | Reached XP level 2. HP: 22/24 MP: 2/2
   416 | D:1      | Reached XP level 3. HP: 23/29 MP: 3/3
   419 | D:1      | Reached ** piety under Trog
  1139 | D:2      | Found a shimmering blue altar of Sif Muna.
  1624 | D:2      | Found a faded altar of an unknown god.
  1858 | D:3      | Reached XP level 4. HP: 17/36 MP: 4/4
  1870 | D:3      | Reached skill level 1 in Short Blades
  2037 | D:3      | You fall into a shaft and drop 2 floors!
  2037 | D:5      | Entered Level 5 of the Dungeon
  2114 | D:5      | Reached skill level 4 in Fighting
  2118 | D:5      | HP: 2/55 [gnoll/+0 spear[a gnoll bouda] (4)]
  2119 | D:5      | Mangled by a gnoll bouda

Illustrated notes

Levels and vault maps discovered:
D:1:      dpeg_arrival_three_bigger_balls, layout_basic
D:2:      layout_loops_ring, hellmonk_ecumenical_altar_inner_sanctum,
          basic_altar
D:3:      layout_rooms, kennysheep_cross_room
D:5:      layout_gridville, nicolae_vehumet_radiance, kennysheep_mini,
          lemuel_tele_altar, chequers_serial_rivers_large_b, uniq_prince_ribbit1

Skill      XL: |  1  2  3  4 |
---------------+-------------+-----
Armour         | 2 |  2.2
Dodging        | 2 |  2.2
Short Blades   | 1 |  1.7
Fighting       | 4 |  4.0
Axes           | |  3.3

Action                     |  1- 3 |  4- 6 || total
---------------------------+-------+-------++-------
  Melee: Hand axe          |    41 |       ||    41
         Dagger            |    39 |       ||    39
         Short sword       |    60 |    62 ||   122
 Invoke: Berserk           |       |     1 ||     1
   Stab: Sleeping          |     3 |       ||     3
 Armour: Animal skin       |    18 |       ||    18
         Leather armour    |    10 |       ||    10
         Chain mail        |     8 |    20 ||    28
  Dodge: Dodged            |    33 |    15 ||    48

Table legend: (Time is in decaauts)
 A = Elapsed time spent in this place.
 B = Non-inter-level travel time spent in this place.
 C = Inter-level travel time spent in this place.
 D = Time resting spent in this place.
 E = Time spent auto-exploring this place.
 F = Levels seen in this place.
 G = Mean time per level.
                   A        B        C        D        E       F      G
               +--------+--------+--------+--------+--------+-----+--------+
         Total |   2105 |   2085 |     20 |     39 |   1668 |   4 |  526.2 |
       Dungeon |   2105 |   2085 |     20 |     39 |   1668 |   4 |  526.2 |
               +--------+--------+--------+--------+--------+-----+--------+

Top non-repeatable levels by time:
     D:1: 1071 daAuts
     D:2: 753 daAuts
     D:3: 204 daAuts
     D:5: 76 daAuts
